 Dungeon Crawl Stone Soup version 0.19.1 (webtiles) character file.

692 Jatzack the Covered (level 7, -3/61 HPs)
             Began as a Minotaur Fighter on Dec 6, 2016.
             Killed by nerve-wracking pain
             ... invoked by Grinder
              (12 damage)
             ... on level 5 of the Dungeon on Dec 7, 2016.
             The game lasted 00:18:18 (3958 turns).

Jatzack the Covered (Minotaur Fighter)              Turns: 3958, Time: 00:18:19

Health: -3/61      AC:  7    Str: 22    XL:     7   Next: 36%
Magic:  6/6        EV:  9    Int:  5    God:
Gold:   287        SH: 10    Dex: 10    Spells: 0 memorised, 6 levels left

rFire  . . .     SeeInvis .     a - +0 war axe
rCold  . . .     Gourm    .     b - +0 scale mail
rNeg   . . .     Faith    .     c - +0 shield
rPois  .         Spirit   .     (helmet restricted)
rElec  .         Reflect  .     (no cloak)
rCorr  .         Harm     .     (no gloves)
MR     .....                    (no boots)
Stlth  ..........               H - amulet of regeneration
                                (no ring)
                                (no ring)

@: no status effects
A: retaliatory headbutt, horns 2
a: no special abilities


You were on level 5 of the Dungeon.
You were very hungry.

You visited 1 branch of the dungeon, and saw 5 of its levels.

You collected 287 gold pieces.

Inventory:

Hand Weapons
 a - a +0 war axe (weapon)
 q - a +0 rapier
 u - a +2 mace of holy wrath
 y - a +0 hand axe
 N - a +0 scythe
Missiles
 j - 37 poisoned needles
Armour
 b - a +0 scale mail (worn)
 c - a +0 shield (worn)
 x - a +0 pair of gloves
 E - a +2 robe
 G - the cursed +0 ring mail "Luobbala" {rF- rN++ Int+3 Stlth+, unknown}
   (You found it on level 5 of the Dungeon)

   It affects your intelligence (+3).
   It makes you vulnerable to fire.
   It greatly protects you from negative energy.
   It makes you more stealthy.
   It has a curse placed upon it.
Magical Staves
 s - an uncursed staff of poison
Jewellery
 g - a cursed ring of teleportation {unknown}
 A - a cursed ring of teleportation {unknown}
 C - an uncursed ring of flight {unknown}
 H - an amulet of regeneration (around neck)
 K - a cursed ring of protection from fire {unknown}
Wands
 B - a wand of confusion (25/48)
 P - a wand of polymorph (6/24)
Scrolls
 e - 2 scrolls of remove curse {unknown}
 l - 2 scrolls of identify
 m - 3 scrolls of teleportation
 n - 3 scrolls of immolation
 I - a scroll of enchant weapon {unknown}
 J - a scroll of random uselessness {unknown}
 L - a scroll of enchant armour {unknown}
Potions
 d - a potion of might
 h - a potion of brilliance {unknown}
 i - 2 potions of berserk rage {unknown}
 k - a potion of flight {unknown}
 p - a potion of heal wounds {unknown}
 t - a potion of ambrosia {unknown}
 w - a potion of agility {unknown}
 z - a potion of cancellation {unknown}
 F - a potion of degeneration {unknown}
 M - 2 potions of magic {unknown}
Books
 r - a Young Poisoner's Handbook

   Spells                             Type                      Level
   a - Sting                          Conjuration/Poison           1
   b - Mephitic Cloud                 Conjuration/Poison/Air       3
   c - Olgreb's Toxic Radiance        Poison                       4
   d - Alistair's Intoxication        Transmutation/Poison         5
   e - Venom Bolt                     Conjuration/Poison           5
Comestibles
 f - 2 bread rations
 o - a meat ration
 v - a beef jerky
 D - 4 fruits
 O - 6 chunks of flesh


   Skills:
 + Level 5.2 Fighting
 + Level 4.2 Axes
 + Level 3.2 Throwing
 + Level 5.6 Armour
 + Level 3.2 Dodging
 + Level 5.3 Shields


You had 6 spell levels left.
You didn't know any spells.

Dungeon Overview and Level Annotations

Branches:
Dungeon (5/15)
 Temple: D:4-7

Altars:
Dithmenos
Hepliaklqana
Okawaru
Sif Muna
Trog

Annotations:
D:5 Grinder


Innate Abilities, Weirdness & Mutations

You reflexively headbutt those who attack you in melee.
You have a pair of horns on your head.


Message History

Pain shoots through your body!
You can move again.
Grinder gestures at you. You resist with significant effort.
Grinder gestures at you. Pain shoots through your body!
* * * LOW HITPOINT WARNING * * *
Grinder gestures at you. Pain shoots through your body!
* * * LOW HITPOINT WARNING * * *
You hit Grinder but do no damage.
Grinder is severely wounded.
Grinder gestures at you. Pain shoots through your body!
* * * LOW HITPOINT WARNING * * *
You closely miss Grinder.
Grinder is severely wounded.
Grinder gestures at you. Pain shoots through your body!
You die...

#........$.##.#######
#####.#.###.............#
...........5...$....###.#
#####.#.#####.......5...#
...#.# #.#....?##..# ###.#.#
#.#!....##..###
#.#.#####.###.........#
#########......##.###.#!#####.#
..........#.>..@5.....#.#
..#...
##############.##.###.#.# #.#
.. #.##[###.#.# #.# #.
#........#.. #.# .
####.....#####.# #####...))..#
#......#####.# #.####.# #.# #.#
#.#


You could see Grinder.

Vanquished Creatures
  Sigmund (D:5)
  Duvessa (D:5)
  Blork the orc (D:4)
  Dowan (D:5)
  A jelly (D:4)
  A centaur skeleton (D:4)
  Ijyb (D:2)
  Terence (D:2)
  2 worker ants (D:4)
  Robin (D:2)
  7 adders
  2 dart slugs
  6 leopard geckos
  3 bats
  5 giant cockroaches
  17 goblins
  11 hobgoblins
  2 jackals (D:1)
  A quokka (D:3)
  2 ball pythons (D:3)
  7 frilled lizards
  3 kobolds
  A quokka skeleton (D:4)
  6 rats
84 creatures vanquished.

Notes
Turn   | Place    | Note
-------+----------+-------------------------------------------
     0 | D:1      | Jatzack the Minotaur Fighter began the quest for the Orb.
     0 | D:1      | Reached XP level 1. HP: 19/19 MP: 0/0
   489 | D:1      | Reached XP level 2. HP: 24/27 MP: 1/1
   980 | D:1      | Reached skill level 1 in Dodging
   982 | D:1      | Reached XP level 3. HP: 31/33 MP: 2/2
  1128 | D:1      | Reached skill level 1 in Throwing
  1682 | D:2      | Noticed Robin
  1719 | D:2      | Killed Robin
  1976 | D:2      | Reached XP level 4. HP: 40/40 MP: 3/3
  2023 | D:2      | Noticed Ijyb
  2043 | D:2      | Killed Ijyb
  2147 | D:2      | Noticed Terence
  2155 | D:2      | Killed Terence
  2203 | D:2      | Reached XP level 5. HP: 46/46 MP: 4/4
  2418 | D:3      | Found a bloodstained altar of Trog.
  3085 | D:4      | Found an iron altar of Okawaru.
  3128 | D:4      | Noticed Blork the orc
  3136 | D:4      | Killed Blork the orc
  3136 | D:4      | Reached skill level 5 in Armour
  3136 | D:4      | Reached XP level 6. HP: 49/53 MP: 5/5
  3304 | D:4      | Found a deep blue altar of Sif Muna.
  3722 | D:4      | Found a shadowy altar of Dithmenos.
  3722 | D:4      | Found a hazy altar of Hepliaklqana.
  3768 | D:5      | Entered Level 5 of the Dungeon
  3777 | D:5      | Got a polished ring mail
  3806 | D:5      | Noticed Sigmund
  3836 | D:5      | Killed Sigmund
  3836 | D:5      | Reached skill level 5 in Shields
  3836 | D:5      | Reached XP level 7. HP: 30/60 MP: 6/6
  3842 | D:5      | Noticed Duvessa
  3853 | D:5      | Noticed Dowan
  3865 | D:5      | Killed Duvessa
  3865 | D:5      | Reached skill level 5 in Fighting
  3870 | D:5      | Killed Dowan
  3880 | D:5      | Noticed Grinder
  3913 | D:5      | Paralysed by Grinder for 5 turns
  3946 | D:5      | Paralysed by Grinder for 2 turns
  3950 | D:5      | Paralysed by Grinder for 3 turns
  3958 | D:5      | Killed from afar by Grinder

Skill      XL: |  1  2  3  4  5  6  7 |
---------------+----------------------+-----
Dodging        | 1 2 3 |  3.2
Throwing       | 1 2 3 |  3.2
Fighting       | 4 5 |  5.2
Axes           | 3 4 |  4.2
Shields        | 4 5 |  5.3
Armour         | 4 5 |  5.6

Action                   |  1- 3 |  4- 6 |  7- 9 || total
-------------------------+-------+-------+-------++-------
Melee: War axe           |   142 |   138 |    12 ||   292
       Headbutt          |    15 |    22 |     2 ||    39
       Unarmed           |       |       |     8 ||     8
  Use: Scroll            |       |     4 |       ||     4
  Eat: Chunk             |     4 |     5 |       ||     9
Armor: Scale mail        |    72 |    36 |       ||   108
       Skin              |       |       |     1 ||     1
Dodge: Dodged            |    38 |    48 |     5 ||    91
Block: Shield            |    76 |    68 |     2 ||   146
